 Dungeon Crawl Stone Soup version 0.18-a0-1542-g9c1a92e (webtiles) character file.

438 DecibelRebel the Cutter (level 6, 44/44 HPs)
             Began as a Demonspawn Gladiator on Mar 10, 2016.
             Got out of the dungeon alive.
             The game lasted 00:14:38 (4640 turns).

DecibelRebel the Cutter (Demonspawn Gladiator)      Turns: 4640, Time: 00:14:39

Health: 44/44      AC: 10    Str: 15    XL:     6   Next: 69%
Magic:  6/6        EV: 12    Int:  9    God:
Gold:   343        SH:  0    Dex: 16    Spells: 0 memorised, 5 levels left

rFire  . . .     SeeInvis .     m - +3 dagger (protect)
rCold  . . .     Gourm    .     b - +0 leather armour
rNeg   . . .     Faith    .     (no shield)
rPois  .         Spirit   .     c - +0 helmet
rElec  .         Dismiss  .     (no cloak)
rCorr  .         Reflect  .     (no gloves)
SustAt .         Harm     .     (no boots)
MR     .....                    h - amulet of magic regeneration
Stlth  +++.......               (no ring)
                                (no ring)

@: starving, not resistant to hostile enchantments, fairly stealthy
A: hooves 1, icy blue scales 1, demonic guardian 1, nightstalker 1
a: no special abilities


You escaped.
You were starving.

You visited 1 branch of the dungeon, and saw 5 of its levels.

You collected 343 gold pieces.

Inventory:

Hand Weapons
 a - a +0 quarterstaff
 m - a +3 dagger of protection (weapon)
 y - a +0 short sword (quivered)
 C - a +0 dagger of electrocution
 F - the +7 spear "Okhytuocke" {antimagic, rPois}
   (You found it on level 5 of the Dungeon)

   It disrupts the flow of magical energy around spellcasters and certain
   magical creatures (including the wielder).
   It protects you from poison.
Missiles
 d - 3 throwing nets
Armour
 b - a +0 leather armour (worn)
 c - a +0 helmet (worn)
Jewellery
 h - an amulet of magic regeneration (around neck)
Wands
 t - a wand of iceblast (8/15)
Scrolls
 e - 2 scrolls of identify
 j - a scroll of remove curse {unknown}
 l - a scroll of random uselessness {unknown}
 n - 3 scrolls of amnesia {unknown}
 s - 2 scrolls of magic mapping {unknown}
 u - a scroll of enchant armour {unknown}
 w - a scroll of teleportation {unknown}
 B - 2 scrolls of recharging {unknown}
 E - a scroll of enchant weapon {unknown}
Potions
 i - a potion of flight
 k - 2 potions of invisibility {unknown}
 p - 2 potions of curing
 q - a potion of might {unknown}
 r - a potion of berserk rage {unknown}
 x - a potion of cure mutation {unknown}
 z - 2 potions of heal wounds {unknown}
 A - a potion of ambrosia {unknown}
 D - a potion of lignification {unknown}
Comestibles
 f - 4 bread rations
 g - 3 slices of pizza
 o - 2 meat rations
 v - 5 fruits


   Skills:
 - Level 2.0 Fighting
 * Level 4.8 Short Blades
 - Level 3.6 Staves
 - Level 1.7 Throwing
 - Level 2.6 Dodging
 + Level 3.1 Stealth


You had 5 spell levels left.
You didn't know any spells.

Dungeon Overview and Level Annotations

Branches:
Dungeon (5/15)
 Temple: D:4-7

Altars:
Elyvilon
Gozag
Makhleb
Pakellas

Shops:
D:4 =


Innate Abilities, Weirdness & Mutations

You have large cloven feet.
You are partially covered in icy blue scales (AC +1).
A weak demonic guardian rushes to your aid.
You are slightly more attuned to the shadows.


Message History

Really walk into that permanent teleport trap? [Y]es or [N]o only, please.
Really walk into that permanent teleport trap?
You enter a permanent teleport trap!
Your surroundings suddenly seem different.
You are starving!
Welcome back, DecibelRebel the Demonspawn Gladiator.
Press ? for a list of commands and other information.
Quiver which item? (- for none, * to show all) (? for menu, Esc to quit)
Okay, then.
Unknown command.
Unknown command.
Unknown command.
Unknown command.
Unknown command.
Unknown command.
There is a staircase leading out of the dungeon here.
There is a staircase leading out of the dungeon here.
Are you sure you want to leave the Dungeon?
This will make you lose the game!
You have escaped!

##...###.########## #
##...##..#.......# #
##......#######.# #
##.....# #.# # ##....###
#.# # ##.....#.# #.# #
#####......#.# #.# #
#..........#.#####.# #
#.###(...@.#...[...####
#.# #......#..........#
#.# ########.########.#
#.######^# #.# #.#
#.#....#.# #(########.##
#...##.#># #...........#
###.#..#####..#######..#
#.##.....##.#######..###
#...#...................


There were no monsters in sight!

Vanquished Creatures
  2 ogres (D:5)
  A crimson imp (D:3)
  A hound (D:4)
  Terence (D:1)
  Ijyb (D:2)
  An orc wizard (D:4)
  A worker ant (D:4)
  Robin (D:3)
  3 adders
  A shadow imp (D:5)
  An ooze (D:4)
  2 worms (D:2)
  A dart slug (D:1)
  4 orcs (D:4)
  4 bats
  3 giant cockroaches
  18 goblins
  4 hobgoblins
  6 jackals (D:1)
  A quokka (D:4)
  A ball python skeleton (D:4)
  A giant gecko skeleton (D:4)
  5 giant newts
  10 kobolds
  A quokka skeleton (D:4)
  5 rats
80 creatures vanquished.

Vanquished Creatures (others)
  An orc (D:4)
1 creature vanquished.

Grand Total: 81 creatures vanquished

Notes
Turn   | Place    | Note
--------------------------------------------------------------
     0 | D:1      | DecibelRebel the Demonspawn Gladiator began the quest for the Orb.
     0 | D:1      | Reached XP level 1. HP: 16/16 MP: 1/1
   231 | D:1      | Gained mutation: You are slightly more attuned to the shadows. [demonic ancestry]
   231 | D:1      | Reached XP level 2. HP: 9/22 MP: 2/2
   838 | D:2      | Found an opulent altar of Gozag.
   859 | D:2      | Found a burning altar of Makhleb.
   939 | D:2      | Gained mutation: You are partially covered in icy blue scales (AC +1). [demonic ancestry]
   939 | D:2      | Reached XP level 3. HP: 14/27 MP: 3/3
   984 | D:2      | Noticed Terence
  1209 | D:1      | Killed Terence
  1209 | D:1      | Reached skill level 1 in Short Blades
  1512 | D:2      | Reached skill level 2 in Short Blades
  1692 | D:2      | Gained mutation: A weak demonic guardian rushes to your aid. [demonic ancestry]
  1692 | D:2      | Reached XP level 4. HP: 25/33 MP: 4/4
  1733 | D:2      | Found an oddly glowing altar of Pakellas.
  1883 | D:2      | Noticed Ijyb
  1914 | D:2      | Killed Ijyb
  1914 | D:2      | Reached skill level 1 in Stealth
  2289 | D:3      | Reached skill level 3 in Short Blades
  2289 | D:3      | Reached XP level 5. HP: 28/38 MP: 5/5
  2454 | D:3      | Noticed Robin
  2477 | D:3      | Killed Robin
  3218 | D:4      | Found Soeleir's Jewellery Shop.
  3643 | D:4      | Reached skill level 4 in Short Blades
  3643 | D:4      | Gained mutation: You have large cloven feet. [demonic ancestry]
  3643 | D:4      | Reached XP level 6. HP: 24/44 MP: 6/6
  4012 | D:5      | Entered Level 5 of the Dungeon
  4022 | D:5      | Found a white marble altar of Elyvilon.
  4292 | D:5      | Got a slimy spear
  4293 | D:5      | Identified the +7 spear "Okhytuocke" {antimagic, rPois} (You found it on level 5 of the Dungeon)
  4640 | D:$      | Got out of the dungeon alive.

Vault maps used:
D:1:      elethiomel_arrival_shortcut
D:2:      overflow_temple_1_default, nicolae_overflow_hidden_temple,
          grunt_pakellas_sulfur, uniq_iyjb, uniq_terence
D:3:      first_bread, uniq_robin
D:4:      kennysheep_windowed_goal
D:5:      minmay_temple_entry_nine_rooms, minivault_14, elyvilon_altar_5

Skill      XL: |  1  2  3  4  5  6 |
---------------+-------------------+-----
Staves         | 3 |  3.6
Short Blades   | 2 3 4 |  4.8
Stealth        | 1 2 3 |  3.1
Fighting       | |  2.0
Throwing       | |  1.7
Dodging        | |  2.6

Action                   |  1- 3 |  4- 6 || total
-------------------------+-------+-------++-------
Melee: Quarterstaff      |    61 |       ||    61
       Dagger            |   123 |   199 ||   322
  Use: Potion            |     4 |       ||     4
       Scroll            |       |     1 ||     1
 Stab: Sleeping          |     2 |    11 ||    13
       Distracted        |     1 |       ||     1
  Eat: Chunk             |     3 |     7 ||    10
